 Dungeon Crawl Stone Soup version 0.31-a0-1005-gfbdfbacc72 (webtiles) character file.

Game seed: 17835171523535701616

3489 Armakuni the Charlatan (level 10, -5/71 HPs)
             Began as a Human Shapeshifter on Nov 10, 2023.
             Was a Believer of Vehumet.
             Slain by a vampire
             ... wielding a +5 vampiric halberd
              (13 damage)
             ... in a bailey.
             The game lasted 00:20:15 (7308 turns).

Armakuni the Charlatan (Human Shapeshifter)         Turns: 7308, Time: 00:20:15

Health: -5/71      AC: 10    Str: 15    XL:     10   Next: 27%
Magic:  0/20       EV: 11    Int: 15    God:    Vehumet [**....]
Gold:   62         SH:  0    Dex: 12    Spells: 8/11 levels left

rFire   + . .        a - +2 dagger (drain)
rCold   . . .        r - +2 buckler {AC+3}
rNeg    . . .        z - +2 ring mail {rPois}
rPois   +            d - melded +1 helmet
rElec   .            (cloak currently unavailable)
rCorr   .            q - melded +0 pair of gloves
SInv    .            e - melded +0 pair of boots
Will    .....        G - amulet of guardian spirit Stlth
                     F - ring of protection from fire
HPRegen 0.31/turn    M - ring of magical power
MPRegen 0.17/turn

%: guardian spirit
@: confused, beast-form, ambrosia-drunk
A: beast (slay +4)
a: Begin Untransformation, Renounce Religion


You were in a bailey.
You worshipped Vehumet.
Vehumet was pleased with you.
You were a hulking beast.
You visited 2 branches of the dungeon, and saw 8 of its levels.
You also visited: Bailey.

You collected 411 gold pieces.
You spent 349 gold pieces at shops.

Inventory:

Hand Weapons
 a - a +2 dagger of draining (weapon)
 b - a +0 quarterstaff
 u - a +0 flail
Missiles
 B - 4 curare-tipped darts
Armour
 d - a +1 helmet (melded)
 e - a +0 pair of boots (melded)
 q - a +0 pair of gloves (melded)
 r - a +2 buckler of protection (worn)
 z - a +2 ring mail of poison resistance (worn)
Jewellery
 D - a +6 ring of dexterity
 F - a ring of protection from fire (left hand)
 G - an amulet of guardian spirit (around neck)
 M - a ring of magical power (right hand)
Talismans
 c - a beast talisman (active)
Wands
 p - a wand of polymorph (10)
Scrolls
 f - a scroll of fog
 i - a scroll of fear
 o - a scroll of revelation
 w - a scroll of amnesia
 y - 3 scrolls of teleportation
 C - a scroll of vulnerability
Potions
 h - a potion of enlightenment
 m - a potion of invisibility
 x - a potion of ambrosia
 A - a potion of curing
 E - a potion of mutation


   Skills:
 - Level 4.1 Fighting
 - Level 4.5 Dodging
 - Level 4.0 Shields
 - Level 3.0 Unarmed Combat
 - Level 1.0 Spellcasting
 - Level 5.3 Conjurations
 + Level 7.7 Evocations
 - Level 7.2 Shapeshifting


You had 8 spell levels left.
You knew the following spells:

 Your Spells              Type           Power      Damage    Failure   Level
m - Momentum Strike       Conj/Tloc      16%        3d8       32%         2
z - Shock                 Conj/Air       32%        1d5       22%         1

Your spell library contained the following spells:

 Spells                   Type           Power      Damage    Failure   Level
 Simulacrum               Ice/Necr       0%         N/A       100%        6
 Ozocubu's Refrigeration  Ice            0%         4d7       100%        7
 Polar Vortex             Ice            0%         N/A       100%        9


Dungeon Overview and Level Annotations

Branches:
Dungeon (7/15)             Temple (1/1) D:5          Bailey (1/1)

Altars:
Ashenzari
Dithmenos
Elyvilon
Fedhas
Hepliaklqana
Kikubaaqudgha
Nemelex Xobeh
Qazlal
Sif Muna
Trog
Vehumet
Xom
Yredelemnul

Shops:
D:5 (*?   D:7 !


Message History

Something bites you but does no damage.
You miss something. Something hits you! You block something's attack.
You are confused.
You feel invigorated. Something hits you.
Something bites you but does no damage.
You cannot move. (Use ctrl+direction or * direction to attack while stationary and confused.)
You cannot move. (Use ctrl+direction or * direction to attack while stationary and confused.)
You attack the stone wall.
Something hits you!
* * * LOW HITPOINT WARNING * * *
Something bites you but does no damage.
You closely miss something.
You feel less wooden.
Your +1 helmet unmelds from your body.
Your +0 pair of gloves unmelds from your body.
Your +0 pair of boots unmelds from your body.
Your +2 ring mail of poison resistance unmelds from your body.
You feel resistant to poison.
You turn into a hulking beast.
Your +1 helmet melds into your body.
Your +0 pair of gloves melds into your body.
Your +0 pair of boots melds into your body.
You feel a little less clever now. Something hits you!
* * * LOW HITPOINT WARNING * * *
Something bites you.
* * * LOW HITPOINT WARNING * * *
Something draws strength from your injuries!
Something hits you!
* * * LOW HITPOINT WARNING * * *
Something bites you!
* * * LOW HITPOINT WARNING * * *
Something draws strength from your injuries!
You are too confused!
Okay, then.
Unknown command.
Something hits you!
* * * LOW HITPOINT WARNING * * *
You bump into the stone wall.
Something hits you.
* * * LOW HITPOINT WARNING * * *
You bump into the stone wall.
Something hits you!!
You die...

#.......####....'....
#......##..##...'....
#########....#...#....
#8...............#....
#.........#......#'###
###''##...##....8#..#
##....##...#######..#
#......##.......8#[.#
#...##h..#8......8#.[#
#..# ##..#############
#.. #{.# #8. #..8# ##
..!(## #.!:8## #####


There were no monsters in sight!

Vanquished Creatures
  Pikel (D:4)
  A gargoyle (Bailey)
  Grinder (D:3)
  Sigmund (D:2)
  A steam dragon (D:7)
  A water moccasin (D:6)
  A black bear (D:6)
  2 ogres
  A centaur (D:5)
  Blork the orc (D:4)
  A phantom (D:6)
  3 scorpions
  4 wolf zombies (Bailey)
  4 howler monkeys
  9 vampire bats (Bailey)
  9 hounds
  A jelly (D:5)
  Ijyb (D:5)
  3 iguanas
  An orc wizard (D:7)
  Robin (D:1)
  9 gnolls
  8 adders
  4 white imps
  2 ufetubi (D:6)
  4 worms
  2 dart slugs
  10 orcs
  7 ball pythons
  2 endoplasms
  4 giant cockroaches
  17 goblins
  10 hobgoblins
  8 jackals
  3 quokkas
  7 bats
  2 frilled lizards
  3 kobolds
  21 orc zombies (Bailey)
  4 rats
175 creatures vanquished.

Notes
Turn   | Place    | Note
-------+----------+-------------------------------------------
     0 | D:1      | Armakuni the Human Shapeshifter began the quest for the
                  | Orb.
     0 | D:1      | Reached XP level 1. HP: 15/15 MP: 1/1
    94 | D:1      | Reached XP level 2. HP: 17/21 MP: 2/2
   476 | D:1      | Reached XP level 3. HP: 25/26 MP: 3/3
  1028 | D:2      | Noticed Robin
  1325 | D:1      | Killed Robin
  1326 | D:1      | Reached XP level 4. HP: 15/32 MP: 4/4
  1450 | D:2      | Identified the +0 whip of Uncertain Death {heavy, Fragile
                  | Str+6}
  1592 | D:2      | Noticed Sigmund
  1607 | D:2      | Killed Sigmund
  1608 | D:2      | Reached XP level 5. HP: 16/37 MP: 5/5
  1608 | D:2      | Reached XP level 6. HP: 19/43 MP: 6/6
  2107 | D:3      | Found a basalt altar of Yredelemnul.
  2233 | D:3      | Noticed Grinder
  2241 | D:3      | Killed Grinder
  2242 | D:3      | Reached XP level 7. HP: 34/48 MP: 7/7
  2481 | D:3      | Found a radiant altar of Vehumet.
  2493 | D:3      | Became a worshipper of Vehumet
  2811 | D:3      | Found a faded altar of an unknown god.
  2821 | D:3      | Found a sparkling altar of Nemelex Xobeh.
  3295 | D:4      | Noticed Pikel
  3340 | D:4      | Killed Pikel
  3341 | D:4      | Reached XP level 8. HP: 53/58 MP: 8/8
  3406 | D:4      | Found a broken altar of Ashenzari.
  3489 | D:4      | Noticed Blork the orc
  3497 | D:4      | Killed Blork the orc
  3866 | D:4      | Found a stormy altar of Qazlal.
  3971 | D:4      | Reached * piety under Vehumet
  3971 | D:4      | Offered knowledge of Shock by Vehumet.
  3974 | D:4      | Learned a level 1 spell: Shock
  4283 | D:5      | Entered Level 5 of the Dungeon
  4301 | D:5      | Found Efofit's Magic Scroll Shop.
  4444 | D:5      | Reached skill level 1 in Spellcasting
  4444 | D:5      | Reached skill level 1 in Conjurations
  4444 | D:5      | Reached XP level 9. HP: 65/65 MP: 10/10
  4615 | D:5      | Found Yllolio's Weapon Emporium.
  4632 | D:5      | Bought a +0 quarterstaff for 52 gold pieces
  4648 | D:5      | Noticed Ijyb
  4680 | D:5      | Killed Ijyb
  4765 | D:5      | Found Giumeeti's General Store.
  4774 | D:5      | Bought a potion of attraction for 45 gold pieces
  4885 | D:5      | Found a staircase to the Ecumenical Temple.
  4903 | Temple   | Entered the Ecumenical Temple
  5457 | D:6      | Reached skill level 5 in Conjurations
  5680 | D:6      | Reached skill level 1 in Evocations
  6183 | D:7      | Found a shimmering altar of Xom.
  6391 | D:7      | Found Mamu's Distillery.
  6399 | D:7      | Bought a potion of berserk rage for 70 gold pieces
  6399 | D:7      | Bought a potion of heal wounds for 70 gold pieces
  6399 | D:7      | Bought a potion of mutation for 112 gold pieces
  6441 | D:7      | Reached ** piety under Vehumet
  6444 | D:7      | Found a flagged portal.
  6477 | D:7      | Offered knowledge of Poisonous Vapours by Vehumet.
  6544 | Bailey   | Entered a bailey
  6662 | Bailey   | Noticed a gargoyle
  6697 | Bailey   | Killed a gargoyle
  6698 | Bailey   | Reached XP level 10. HP: 71/71 MP: 11/11
  6924 | Bailey   | Offered knowledge of Momentum Strike by Vehumet.
  6935 | Bailey   | Learned a level 2 spell: Momentum Strike
  7306 | Bailey   | HP: 2/71 [something (6)]
  7308 | Bailey   | Slain by a vampire

Illustrated notes

Levels and vault maps discovered:
D:1:      minmay_arrival_wavy_path, layout_basic
D:2:      layout_rooms, uniq_sigmund, uniq_robin
D:3:      layout_loops_corners, mainiacjoe_overflow_paths,
          nicolae_overflow_ecumenical_swirl, fiery_altar_vehumet,
          due_unseen_surprise, uniq_grinder
D:4:      layout_basic, overflow_temple_1_default,
          nicolae_overflow_crystal_walls, uniq_pikel, uniq_blork_the_orc
D:5:      layout_basic, minmay_temple_entry_wispy, serial_shops, shop,
          nicolae_shop_bloodbath_and_beyond, nicolae_take_the_stairs, uniq_ijyb
D:6:      layout_cave_pools, serial_rivers, chequers_serial_rivers_small_3,
          chequers_serial_rivers_room_b, chequers_serial_rivers_small_a,
          chequers_serial_rivers_room_b, chequers_serial_rivers_large_a,
          chequers_serial_rivers_micro_b
D:7:      layout_cave_pools, grunt_temple_overflow_open, enter_bailey_3,
          serial_shops, shop
Temple:   hellmonk_temple_two_chambers
Bailey:   bailey_polearm_vampire_castle_hellmonk, bailey

Skill      XL: |  1  2  3  4  5  6  7  8  9 10 |
---------------+-------------------------------+-----
Shapeshifting  | 4 6 7 |  7.2
Fighting       | 3 4 |  4.1
Dodging        | 3 4 |  4.5
Shields        | 3 4 |  4.0
Spellcasting   | 1 |  1.0
Conjurations   | 1 5 |  5.3
Evocations     | 6 7 |  7.7
Unarmed Combat | |  3.0

Action                     |  1- 3 |  4- 6 |  7- 9 | 10-12 || total
---------------------------+-------+-------+-------+-------++-------
  Melee: Unarmed           |   110 |       |       |       ||   110
         Dagger            |    12 |    62 |   365 |   197 ||   636
         Punch             |     1 |     1 |       |       ||     2
  Throw: Throwing net      |       |       |       |     1 ||     1
   Cast: Shock             |       |       |    33 |       ||    33
         Momentum Strike   |       |       |       |     5 ||     5
  Evoke: Wand              |       |       |     8 |    17 ||    25
    Use: Scroll            |     2 |     3 |     5 |       ||    10
         Potion            |     3 |     1 |     5 |     8 ||    17
   Stab: Sleeping          |     3 |       |       |       ||     3
         Distracted        |       |       |     1 |       ||     1
         Invisible         |       |       |     2 |       ||     2
 Armour: Animal skin       |    83 |    14 |       |       ||    97
         Skin              |     4 |       |    11 |    72 ||    87
         Robe              |       |    12 |    84 |       ||    96
         Ring mail         |       |       |   157 |   174 ||   331
  Dodge: Dodged            |    93 |    29 |   247 |   139 ||   508
  Block: Buckler           |       |       |    81 |    66 ||   147
   Form: Beast             |       |       |     2 |       ||     2
                           |       |       |     1 |       ||     1

Table legend: (Time is in decaauts)
 A = Elapsed time spent in this place.
 B = Non-inter-level travel time spent in this place.
 C = Inter-level travel time spent in this place.
 D = Time resting spent in this place.
 E = Time spent auto-exploring this place.
 F = Levels seen in this place.
 G = Mean time per level.
                   A        B        C        D        E       F      G
               +--------+--------+--------+--------+--------+-----+--------+
         Total |   7341 |   7185 |    156 |   1074 |   3928 |   9 |  815.7 |
       Dungeon |   6559 |   6403 |    156 |    764 |   3830 |   7 |  937.0 |
        Temple |      1 |      1 |      0 |      0 |      0 |   1 |    1.0 |
        Bailey |    780 |    780 |      0 |    310 |     98 |   1 |  780.0 |
               +--------+--------+--------+--------+--------+-----+--------+

Top non-repeatable levels by time:
     D:1: 1267 daAuts
     D:4: 1132 daAuts
     D:3: 1113 daAuts
     D:6: 1108 daAuts
     D:5: 967 daAuts
  Bailey: 780 daAuts
     D:2: 774 daAuts
     D:7: 196 daAuts
  Temple: 1 daAuts
